 Dungeon Crawl Stone Soup version 0.17-a0-1760-ga6756ae (webtiles) character file.

186 kae the Slasher (level 5, -1/34 HPs)
             Began as a High Elf Skald on Sept 3, 2015.
             Succumbed to a scorpion's poison
             ... on level 4 of the Dungeon.
             The game lasted 00:04:51 (3337 turns).

kae the Slasher (High Elf Skald)                    Turns: 3337, Time: 00:04:51

Health: -1/34      AC:  4    Str: 12    XL:     5   Next: 38%
Magic:  4/9        EV: 11    Int: 16    God:
Gold:   64         SH:  0    Dex: 17    Spells: 3 memorised, 2 levels left

rFire  . . .     SeeInvis .     a - +0 falchion
rCold  . . .     Clarity  .     b - +0 leather armour
rNeg   . . .     SustAt   .     (no shield)
rPois  .         Gourm    .     (no helmet)
rElec  .         Spirit   .     (no cloak)
rCorr  .         Warding  .     (no gloves)
rMut   .         Stasis   .     g - +0 pair of boots
MR     .....                    (no amulet)
Stlth  +.........               e - +3 ring of dexterity
                                i - ring of flight

@: lethally poisoned (-1 -> -22), flying, not resistant to hostile enchantments,
very unstealthy
A: no striking features
a: no special abilities


You were on level 4 of the Dungeon.
You were very hungry.

You visited 1 branch of the dungeon, and saw 4 of its levels.

You collected 64 gold pieces.

Inventory:

Hand weapons
 a - a +0 falchion (weapon)
Armour
 b - a +0 leather armour (worn)
 g - a +0 pair of boots (worn)
Jewellery
 e - a +3 ring of dexterity (right hand)
 i - a ring of flight (left hand)
Scrolls
 f - 3 scrolls of identify
 h - a scroll of blinking
 m - a scroll of remove curse {unknown}
 p - 2 scrolls of teleportation {unknown}
 r - a scroll of magic mapping {unknown}
Potions
 j - a potion of magic
 q - a potion of might
Books
 c - a book of Battle

   Spells                             Type                      Level
   a - Infusion                       Charms                       1
   b - Shroud of Golubria             Charms/Translocation         2
   c - Song of Slaying                Charms                       2
   d - Spectral Weapon                Hexes/Charms                 3
   e - Regeneration                   Charms/Necromancy            3
 n - a book of Unlife

   Spells                             Type                      Level
   a - Recall                         Summoning/Translocation      3
   b - Animate Dead                   Necromancy                   4
   c - Control Undead                 Necromancy                   4
   d - Cigotuvi's Embrace             Necromancy                   5
   e - Death Channel                  Necromancy                   6
   f - Simulacrum                     Ice/Necromancy               6
Comestibles
 d - 5 bread rations
 k - a royal jelly


   Skills:
 - Level 2.0 Fighting
 + Level 6.8 Long Blades
 - Level 0.8 Armour
 - Level 1.1 Dodging
 - Level 2.4 Spellcasting
 - Level 3.6 Charms


You had 2 spell levels left.
You knew the following spells:

 Your Spells              Type           Power        Failure   Level  Hunger
a - Infusion              Chrm           ##....       8%          1    #......
b - Shroud of Golubria    Chrm/Tloc      #.........   21%         2    ###....
c - Regeneration          Chrm/Necr      #.........   41%         3    ###....


Dungeon Overview and Level Annotations

Branches:
Dungeon (4/15)
 Temple: D:4-7

Altars:

Annotations:
D:3 Sigmund


Message History

You are no longer magically infusing your attacks.
* * * LOW HITPOINT WARNING * * *
You feel sick. The scorpion stings you.
* * * LOW HITPOINT WARNING * * *
You are more poisoned.
The scorpion poisons you!
You hit the scorpion.
You kill the scorpion!
* * * LOW HITPOINT WARNING * * *
You feel sick.
Drink which item? (? for menu, Esc to quit)
Okay, then.
Read which item? (? for menu, Esc to quit)
Okay, then.
Unknown command.
Drink which item? (? for menu, Esc to quit)
It was a potion of flight.
You feel very buoyant.
You fly up into the air.
You die...

#.## #.## #.## ###
#.## #.. #.##
#.#############...
#.#...............
#.###.#.##############
#.[..@..# # #####.###
# #.# # #.# . #.# #
... ..# #.#


There were no monsters in sight!

Vanquished Creatures
  A scorpion (D:4)
  Terence (D:2)
  A gnoll (D:1)
  3 adders
  An ooze (D:1)
  An adder skeleton (D:4)
  2 worms
  2 giant geckos
  A ball python (D:2)
  4 giant cockroaches
  9 hobgoblins
  7 jackals
  A quokka (D:2)
  11 bats
  4 giant newts
  A goblin (D:1)
  6 kobolds
  7 rats
  2 toadstools (D:1)
65 creatures vanquished.

Vanquished Creatures (others)
  2 toadstools (D:1)
2 creatures vanquished.

Grand Total: 67 creatures vanquished

Notes
Turn   | Place    | Note
--------------------------------------------------------------
     0 | D:1      | kae the High Elf Skald began the quest for the Orb.
     0 | D:1      | Reached XP level 1. HP: 14/14 MP: 4/4
   172 | D:1      | Reached XP level 2. HP: 14/19 MP: 6/6
   647 | D:1      | Reached skill level 4 in Long Blades
   647 | D:1      | Reached XP level 3. HP: 5/24 MP: 1/7
  1116 | D:2      | Found a faded altar to an unknown god.
  1168 | D:2      | Noticed Terence
  1201 | D:2      | Killed Terence
  1201 | D:2      | Reached skill level 5 in Long Blades
  1201 | D:2      | Reached XP level 4. HP: 9/29 MP: 5/8
  2344 | D:3      | Noticed Sigmund
  2580 | D:3      | Reached skill level 6 in Long Blades
  2786 | D:3      | Learned a level 2 spell: Shroud of Golubria
  2790 | D:3      | Learned a level 3 spell: Regeneration
  3274 | D:4      | Reached XP level 5. HP: 29/34 MP: 9/9
  3336 | D:4      | HP: 1/34 [poisoned by a scorpion]
  3337 | D:4      | Succumbed to a scorpion's poison

Vault maps used:
D:1:      ldierk_water_garden
D:2:      ecumenical_altar_2, first_bread, uniq_terence
D:3:      uniq_sigmund

Action                   |  1- 3 |  4- 6 || total
-------------------------+-------+-------++-------
Melee: Falchion          |    90 |   145 ||   235
 Cast: Infusion          |     7 |     9 ||    16
       Shroud of Golubri |       |     2 ||     2
  Use: Scroll            |     6 |       ||     6
       Potion            |     1 |     2 ||     3
 Stab: Sleeping          |       |     1 ||     1
  Eat: Chunk             |     1 |     6 ||     7
